Map: Dash and Terminal LE (Void)

Players

wabbajack - Winner!

  • Race: Zerg Zerg
  • League: Gold

ScYeou

  • Race: Zerg Zerg
  • League: Gold

VOD

Have the link to the VOD?

Description

Time

  • Played on: July 20, 2015, 1:49 p.m.
  • Length: 6:18
Show
View Real Time Build Order
Export as new Build Order

wabbajack Zerg - Winner!

Build Orders: Hatch First 

Get SALT Encoding   

  12  0:14  Drone  
  12  0:15  Overlord  
  13  0:23  Drone  
  14  0:35  Drone  
  14  0:37  Drone  
  16  0:47  Drone  
  17  0:58  Drone  
  17  1:00  Hatchery  
  17  1:05  Extractor  
  17  1:09  Drone  
  17  1:33  Spawning Pool  
  17  1:35  Drone x2  
  18  1:42  Overlord  
  18  1:53  Drone  
  19  2:05  Drone  
  20  2:14  Drone  
  21  2:19  Queen  
  21  2:20  Queen  
  25  2:26  Spine Crawler  
  25  2:27  Spine Crawler  
  25  2:28  Metabolic Boost  
  23  2:33  Drone  
  23  2:34  Drone  
  23  2:36  Drone  
  26  2:42  Drone  
  26  2:43  Drone  
  28  2:50  Drone  
  28  3:11  Roach Warren  
  27  3:17  Spine Crawler  
  26  3:27  Overlord  
  26  3:28  Overlord  
  26  3:34  Overlord  
  26  3:35  Overlord  
  26  4:09  Roach  
  28  4:10  Roach x8  
  28  4:14  Roach x3  
  50  4:17  Overlord  
  50  4:45  Zergling x14  
  52  4:46  Zergling x12  
  63  4:58  Zergling x8  
  67  5:08  Overlord  
  67  5:11  Zergling x2  
  67  5:12  Zergling x8  
  61  5:30  Zergling x8  
  61  5:31  Zergling x4  
  58  5:46  Zergling x16  
Show
View Real Time Build Order
Export as new Build Order

ScYeou Zerg 

Build Orders: Pool First 

Get SALT Encoding   

  12  0:10  Overlord  
  12  0:13  Drone  
  13  0:24  Drone  
  14  0:31  Drone  
  15  0:40  Spawning Pool  
  14  0:45  Drone  
  14  0:47  Drone  
  16  0:55  Drone  
  17  1:06  Drone  
  18  1:15  Drone  
  19  1:28  Queen  
  21  1:35  Hatchery  
  20  1:40  Overlord  
  20  1:52  Drone x2  
  22  1:59  Zergling x2  
  23  2:04  Extractor  
  23  2:07  Queen  
  24  2:17  Drone  
  25  2:25  Drone  
  26  2:35  Overlord  
  26  2:41  Drone x2  
  26  2:42  Drone x2  
  30  3:06  Drone x3  
  30  3:07  Drone  
  33  3:14  Drone  
  33  3:15  Drone  
  35  3:20  Queen x2  
  39  3:27  Zergling x2  
  40  3:39  Roach Warren  
  39  3:49  Drone x4  
  39  3:51  Extractor  
  39  3:52  Extractor  
  40  4:23  Lair  
  40  4:30  Overlord x3  
  40  4:38  Drone x4  
  42  4:40  Overlord  
  42  4:42  Overlord  
  42  4:43  Overlord  
  42  4:45  Hatchery  
  43  4:51  Roach  
  43  4:52  Roach x8  
  61  5:01  Spine Crawler  
  61  5:04  Roach  
  61  5:05  Roach  
  64  5:13  Roach  
  54  5:29  Roach x7  
  40  5:47  Roach x2  
  28  5:59  Roach  
Tags
 
Add a new tag
Caveats
  • Supply blocks, unpowered buildings, or Contaminate may cause inaccurate times.
  • Supply counts are checked every 10 seconds.